 Dungeon Crawl Stone Soup version 0.30-b1-2-g02819fbbbe (webtiles) character file.

Game seed: 8842346236835125116

89 whoami1i1i1i the Trooper (level 4, -6/40 HPs)
             Began as a Hill Orc Fighter on May 3, 2023.
             Mangled by an ogre
             ... wielding a +0 giant club
              (15 damage)
             ... on level 3 of the Dungeon.
             The game lasted 00:03:56 (2135 turns).

whoami1i1i1i the Trooper (Hill Orc Fighter)         Turns: 2135, Time: 00:03:56

Health: -6/40      AC: 10    Str: 20    XL:     4   Next: 55%
Magic:  4/4        EV:  8    Int:  8    God:
Gold:   165        SH:  4    Dex: 10    Spells: 4/4 levels left

rFire   . . .        a - +1 war axe
rCold   . . .        c - +0 buckler
rNeg    . . .        k - +0 chain mail
rPois   .            b - +0 helmet
rElec   .            (no cloak)
rCorr   .            (no gloves)
SInv    .            (no boots)
Will    .....        (no amulet) Stlth
                     (no ring)
HPRegen 0.26/turn    (no ring)
MPRegen 0.09/turn

%: no passive effects
@: no status effects
A: no striking features
a: no special abilities


You were on level 3 of the Dungeon.
You visited 1 branch of the dungeon, and saw 3 of its levels.

You collected 165 gold pieces.

Inventory:

Hand Weapons
 a - a +1 war axe (weapon)
Armour
 b - a +0 helmet (worn)
 c - a +0 buckler (worn)
 k - a +0 chain mail (worn)
Scrolls
 e - 5 scrolls of teleportation {unknown}
 f - a scroll of blinking {unknown}
 g - a scroll of fog {unknown}
 i - a scroll of magic mapping {unknown}
 l - a scroll of enchant armour {unknown}
 m - a scroll of poison {unknown}
Potions
 d - 2 potions of might
 h - a potion of mutation {unknown}
 n - a potion of curing {unknown}
 o - a potion of cancellation {unknown}


   Skills:
 * Level 4.2 Fighting
 * Level 3.6 Axes
 * Level 3.8 Armour
 * Level 1.0 Dodging
 * Level 3.7 Shields
 + Level 0.5 Spellcasting


You had 4 spell levels left.
You didn't know any spells.
Your spell library contained the following spells:

 Spells                   Type           Power      Damage    Failure   Level
 Lesser Beckoning         Tloc           0%         N/A       99%         2
 Gell's Gravitas          Tloc           0%         N/A       100%        3
 Teleport Other           Tloc           0%         N/A       100%        3


Dungeon Overview and Level Annotations

Branches:
Dungeon (3/15)

Altars:
Xom


Message History

A quokka is nearby!
A quokka is nearby!
A kobold and an ogre come into view.
Found a stone staircase leading up.
The ogre shouts!
You hear an angry hiss.
You hit the quokka.
The quokka is moderately wounded.
You block the quokka's attack. The quokka closely misses you.
You barely miss the quokka.
The quokka is moderately wounded.
An adder comes into view.
The quokka barely misses you.
A worm comes into view.
You slash the quokka!
You kill the quokka!
You slash the kobold!
You kill the kobold!
You hit the ogre.
The ogre is moderately wounded.
The ogre hits you with a +0 giant club!
A giant cockroach comes into view.
You hit the ogre.
The ogre is moderately wounded.
You block the ogre's attack.
You hit the ogre but do no damage.
The ogre is moderately wounded.
The ogre hits you with a +0 giant club!!
* * * LOW HITPOINT WARNING * * *
The adder barely misses you.
You are too injured to fight recklessly!
You are too injured to fight recklessly!
You are too injured to fight recklessly!
You are too injured to fight recklessly!
You are too injured to fight recklessly!
Sorry, you're not good enough to have a special ability.
As you read the scroll labelled ISYIVO RANKY, it crumbles to dust.
It is a scroll of enchant weapon.
Your +0 war axe glows red for a moment.
You block the adder's attack. The ogre hits you with a +0 giant club!
You die...

####......
##.....<...
#####..........
._.#...........
#............# #
..$wB........#_# .
##....)....8.# #.
##...O@?>...... #
#.##..#.S...>.....
..#..............8.#
................#⌠#
#...............#
.###...†........#
###............#
#..............#
......#...........##


You could see an ogre, a worm, an adder and a giant cockroach.

Vanquished Creatures
  4 adders (D:2)
  A dart slug (D:1)
  4 ball pythons
  4 endoplasms
  A giant cockroach (D:1)
  7 goblins
  2 hobgoblins
  3 jackals (D:3)
  6 kobolds
  4 quokkas
  7 bats
  2 frilled lizards
  4 rats
49 creatures vanquished.

Notes
Turn   | Place    | Note
-------+----------+-------------------------------------------
     0 | D:1      | whoami1i1i1i the Hill Orc Fighter began the quest for the
                  | Orb.
     0 | D:1      | Reached XP level 1. HP: 19/19 MP: 1/1
   234 | D:1      | Reached XP level 2. HP: 27/27 MP: 2/2
   511 | D:1      | Reached skill level 4 in Fighting
   767 | D:1      | Reached XP level 3. HP: 31/33 MP: 3/3
  1638 | D:2      | Reached XP level 4. HP: 40/40 MP: 4/4
  2102 | D:3      | Reached skill level 1 in Dodging
  2124 | D:3      | Found a shimmering altar of Xom.
  2125 | D:3      | Found a faded altar of an unknown god.
  2127 | D:3      | Noticed an ogre
  2135 | D:3      | Mangled by an ogre

Illustrated notes

Levels and vault maps discovered:
D:1:      psy_arrival_whirlpool, layout_basic, nrook_loot_triangle
D:2:      layout_basic, hangedman_glass_teeth, grunt_decor_resistance,
          nicolae_titane
D:3:      layout_rooms, minitemple, basic_ecumenical_altar

Skill      XL: |  1  2  3  4 |
---------------+-------------+-----
Axes           | 3 |  3.6
Fighting       | 4 |  4.2
Dodging        | 1 |  1.0
Armour         | |  3.8
Shields        | |  3.7
Spellcasting   | |  0.5

Action                     |  1- 3 |  4- 6 || total
---------------------------+-------+-------++-------
  Melee: War axe           |   113 |    33 ||   146
    Use: Scroll            |       |     1 ||     1
 Armour: Scale mail        |    23 |       ||    23
         Chain mail        |    41 |    23 ||    64
  Dodge: Dodged            |    45 |    12 ||    57
  Block: Buckler           |    19 |    11 ||    30
